TOP OF THE 1ST |
York Revolution batting - Pitching for Detroit Red Wings : RHP Chris Wilkerson
|
Pitching: RHP Chris Wilkerson
|
|
Batting: LHB Jesse Haught
|
0-0: Ball 1-0: Fly out, F5 (Popup, 25F, EV 70.0 MPH)
|
Batting: RHB Victor Arias
|
0-0: Ball 1-0: Ball 2-0: Called Strike 2-1: Foul Ball, location: 2F 2-2: Reached on error, E6 (Groundball, 6M, EV 85.6 MPH)
|
Batting: LHB Joel Moore
|
0-0: Called Strike 0-1: Ball 1-1: Foul Ball, location: 2F 1-2: Fly out, F7 (Flyball, 7LM, EV 85.6 MPH)
|
Batting: SHB Brett St. Clair
|
0-0: Foul Ball, location: 2F 0-1: Called Strike 0-2: Ball 1-2: Fly out, F7 (Flyball, 7, EV 94.4 MPH)
|
Top of the 1st over - 0 runs, 0 hits, 1 error, 1 left on base; York 0 - Detroit 0 |
BOTTOM OF THE 1ST |
Detroit Red Wings batting - Pitching for York Revolution : RHP Alex Florez
|
Pitching: RHP Alex Florez
|
|
Batting: SHB Chris Wagler
|
0-0: Called Strike 0-1: Called Strike 0-2: Strikes out swinging
|
Batting: LHB Brad Gaskill
|
0-0: Foul Ball, location: 2F 0-1: Swinging Strike 0-2: Strikes out swinging
|
Batting: LHB George Moran
|
0-0: SINGLE (Groundball, 4MD, EV 101.9 MPH)
|
Batting: SHB Willie Medina
|
0-0: Called Strike 0-1: 2-RUN HOME RUN (Flyball, 9LD, EV 95.0 MPH), Distance : 343 ft
|
Batting: RHB Khalil Coleman
|
0-0: Called Strike 0-1: Ball 1-1: Called Strike 1-2: Ball 2-2: Ball 3-2: Foul Ball, location: 2F 3-2: Strikes out swinging
|
Bottom of the 1st over - 2 runs, 2 hits, 0 errors, 0 left on base; York 0 - Detroit 2 |
TOP OF THE 2ND |
York Revolution batting - Pitching for Detroit Red Wings : RHP Chris Wilkerson
|
Batting: RHB Frank Ramirez
|
0-0: Ball 1-0: Fly out, F8 (Flyball, 8RD, EV 92.5 MPH)
|
Batting: SHB Dana Guthrie
|
0-0: Swinging Strike 0-1: Ball 1-1: Foul Ball, location: 2F 1-2: Strikes out swinging, 2-3 out at first.
|
Batting: RHB Guan-pei Gao
|
0-0: Called Strike 0-1: Swinging Strike 0-2: Ball 1-2: Ball 2-2: SOLO HOME RUN (Flyball, 89XD, EV 106.9 MPH), Distance : 418 ft
|
Batting: RHB Eddie Serna
|
0-0: Called Strike 0-1: Fly out, F9 (Flyball, 9LM, EV 98.1 MPH)
|
Top of the 2nd over - 1 run, 1 hit, 0 errors, 0 left on base; York 1 - Detroit 2 |
BOTTOM OF THE 2ND |
Detroit Red Wings batting - Pitching for York Revolution : RHP Alex Florez
|
Batting: LHB Isao Fukui
|
0-0: Ball 1-0: Foul Ball, location: 2F 1-1: Swinging Strike 1-2: Ball 2-2: Strikes out swinging, 2-3 out at first.
|
Batting: RHB Nate Dabney
|
0-0: Ball 1-0: Ball 2-0: Called Strike 2-1: Foul Ball, location: 2F 2-2: Foul Ball, location: 2F 2-2: Strikes out looking
|
Batting: RHB Norm Wood
|
0-0: DOUBLE (Flyball, 8RXD, EV 98.8 MPH)
|
Batting: RHB Yankel Pensak
|
0-0: Called Strike 0-1: Ball 1-1: Foul Ball, location: 2F 1-2: Strikes out swinging
|
Bottom of the 2nd over - 0 runs, 1 hit, 0 errors, 1 left on base; York 1 - Detroit 2 |
TOP OF THE 3RD |
York Revolution batting - Pitching for Detroit Red Wings : RHP Chris Wilkerson
|
Batting: SHB Steve DeRienzo
|
0-0: Ball 1-0: Ball 2-0: Called Strike 2-1: Fly out, F9 (Flyball, 89D, EV 104.4 MPH)
|
Batting: LHB Jesse Haught
|
0-0: Foul Ball, location: 2F 0-1: Ball 1-1: Called Strike 1-2: Foul Ball, location: 2F 1-2: Ball 2-2: SINGLE (Flyball, 78S, EV 96.2 MPH)
|
Batting: RHB Victor Arias
|
0-0: Ball Pickoff Throw to First - Out! 1-3 1-0: Called Strike 1-1: Swinging Strike 1-2: Fly out, F8 (Flyball, 8LD, EV 94.4 MPH)
|
Top of the 3rd over - 0 runs, 1 hit, 0 errors, 0 left on base; York 1 - Detroit 2 |
BOTTOM OF THE 3RD |
Detroit Red Wings batting - Pitching for York Revolution : RHP Alex Florez
|
Batting: SHB Chris Wagler
|
0-0: Ground out 1-3 (Groundball, 15S, EV 71.9 MPH)
|
Batting: LHB Brad Gaskill
|
0-0: Called Strike 0-1: Swinging Strike 0-2: Ball 1-2: Ball 2-2: Strikes out swinging
|
Batting: LHB George Moran
|
0-0: Called Strike 0-1: Swinging Strike 0-2: Strikes out swinging
|
Bottom of the 3rd over - 0 runs, 0 hits, 0 errors, 0 left on base; York 1 - Detroit 2 |
TOP OF THE 4TH |
York Revolution batting - Pitching for Detroit Red Wings : RHP Chris Wilkerson
|
Batting: LHB Joel Moore
|
0-0: Ball 1-0: Ball 2-0: Ground out 6-3 (Groundball, 6M, EV 88.8 MPH)
|
Batting: SHB Brett St. Clair
|
0-0: Ball 1-0: Foul Ball, location: 2F 1-1: Fly out, F7 (Flyball, 78XD, EV 96.9 MPH)
|
Batting: RHB Frank Ramirez
|
0-0: Called Strike 0-1: Swinging Strike 0-2: Strikes out looking
|
Top of the 4th over - 0 runs, 0 hits, 0 errors, 0 left on base; York 1 - Detroit 2 |
BOTTOM OF THE 4TH |
Detroit Red Wings batting - Pitching for York Revolution : RHP Alex Florez
|
Batting: SHB Willie Medina
|
0-0: Ball 1-0: Ball 2-0: Fly out, F7 (Flyball, 7D, EV 90.0 MPH)
|
Batting: RHB Khalil Coleman
|
0-0: Fly out, F9 (Line Drive, 9, EV 105.0 MPH)
|
Batting: LHB Isao Fukui
|
0-0: Called Strike 0-1: Foul Ball, location: 2F 0-2: Strikes out looking
|
Bottom of the 4th over - 0 runs, 0 hits, 0 errors, 0 left on base; York 1 - Detroit 2 |
TOP OF THE 5TH |
York Revolution batting - Pitching for Detroit Red Wings : RHP Chris Wilkerson
|
Batting: SHB Dana Guthrie
|
0-0: Ball 1-0: Called Strike 1-1: Ball 2-1: Ball 3-1: Base on Balls
|
Batting: RHB Guan-pei Gao
|
0-0: Called Strike 0-1: Swinging Strike 0-2: Strikes out swinging
|
Batting: RHB Eddie Serna
|
0-0: Foul Ball, location: 2F 0-1: Fielders Choice at 2nd, 6-4 (Groundball, 6, EV 90.0 MPH)
|
Batting: SHB Steve DeRienzo
|
0-0: Foul Ball, location: 2F 0-1: Ball 1-1: Foul Ball, location: 2F 1-2: Foul Ball, location: 2F 1-2: Strikes out looking
|
Top of the 5th over - 0 runs, 0 hits, 0 errors, 1 left on base; York 1 - Detroit 2 |
BOTTOM OF THE 5TH |
Detroit Red Wings batting - Pitching for York Revolution : RHP Alex Florez
|
Batting: RHB Nate Dabney
|
0-0: Ball 1-0: Ground out 6-3 (Groundball, 6, EV 87.5 MPH)
|
Batting: RHB Norm Wood
|
0-0: Ball 1-0: Fly out, F8 (Flyball, 89XD, EV 86.2 MPH)
|
Batting: RHB Yankel Pensak
|
0-0: Called Strike 0-1: Ball 1-1: Foul Ball, location: 2F 1-2: Strikes out swinging
|
Bottom of the 5th over - 0 runs, 0 hits, 0 errors, 0 left on base; York 1 - Detroit 2 |
TOP OF THE 6TH |
York Revolution batting - Pitching for Detroit Red Wings : RHP Chris Wilkerson
|
Batting: LHB Jesse Haught
|
0-0: Ball 1-0: Called Strike 1-1: Foul Ball, location: 2F 1-2: Foul Ball, location: 2F 1-2: Foul Ball, location: 2F 1-2: Strikes out swinging
|
Batting: RHB Victor Arias
|
0-0: Called Strike 0-1: Ball 1-1: Foul Ball, location: 2F 1-2: Ball 2-2: Fly out, F5 (Popup, 5F, EV 58.1 MPH)
|
Batting: LHB Joel Moore
|
0-0: Called Strike 0-1: Swinging Strike 0-2: Foul Ball, location: 2F 0-2: Ground out 6-3 (Groundball, 6M, EV 93.1 MPH)
|
Top of the 6th over - 0 runs, 0 hits, 0 errors, 0 left on base; York 1 - Detroit 2 |
BOTTOM OF THE 6TH |
Detroit Red Wings batting - Pitching for York Revolution : RHP Alex Florez
|
Batting: SHB Chris Wagler
|
0-0: Called Strike 0-1: Foul Ball, location: 2F 0-2: Strikes out swinging
|
Batting: LHB Brad Gaskill
|
0-0: Ball 1-0: Ball 2-0: Foul Ball, location: 2F 2-1: Foul Ball, location: 2F 2-2: Foul Ball, location: 2F 2-2: Fly out, F4 (Line Drive, 4, EV 70.0 MPH)
|
Batting: LHB George Moran
|
0-0: Ball 1-0: Called Strike 1-1: Ball 2-1: Hit by Pitch
|
Batting: SHB Willie Medina
|
0-0: Called Strike 0-1: Called Strike George Moran steals 2nd base 0-2: Ball 1-2: Fly out, F9 (Flyball, 9D, EV 99.4 MPH)
|
Bottom of the 6th over - 0 runs, 0 hits, 0 errors, 1 left on base; York 1 - Detroit 2 |
TOP OF THE 7TH |
York Revolution batting - Pitching for Detroit Red Wings : RHP Chris Wilkerson
|
Pitching: RHP Edwin Marquez
|
|
Batting: SHB Brett St. Clair
|
0-0: Ground out U3 (Groundball, 3, EV 90.0 MPH)
|
Batting: RHB Frank Ramirez
|
0-0: Swinging Strike 0-1: Called Strike 0-2: Strikes out swinging
|
Batting: SHB Dana Guthrie
|
0-0: Swinging Strike 0-1: Ball 1-1: Swinging Strike 1-2: Strikes out swinging
|
Top of the 7th over - 0 runs, 0 hits, 0 errors, 0 left on base; York 1 - Detroit 2 |
BOTTOM OF THE 7TH |
Detroit Red Wings batting - Pitching for York Revolution : RHP Alex Florez
|
Batting: RHB Khalil Coleman
|
0-0: Called Strike 0-1: Called Strike 0-2: Foul Ball, location: 2F 0-2: Strikes out swinging
|
Pitching: LHP Hiroshi Mukae
|
|
Batting: LHB Isao Fukui
|
0-0: Ground out 4-3 (Groundball, 4, EV 80.0 MPH)
|
Batting: RHB Nate Dabney
|
0-0: Ball 1-0: Ball 2-0: Called Strike 2-1: Called Strike 2-2: Foul Ball, location: 2F 2-2: Ball 3-2: Base on Balls
|
Batting: RHB Norm Wood
|
0-0: Fly out, F7 (Flyball, 7LS, EV 80.6 MPH)
|
Bottom of the 7th over - 0 runs, 0 hits, 0 errors, 1 left on base; York 1 - Detroit 2 |
TOP OF THE 8TH |
York Revolution batting - Pitching for Detroit Red Wings : RHP Edwin Marquez
|
Batting: RHB Guan-pei Gao
|
0-0: Called Strike 0-1: Ground out 6-3 (Groundball, 15, EV 89.4 MPH)
|
Batting: RHB Eddie Serna
|
0-0: Called Strike 0-1: Ground out 6-3 (Groundball, 56S, EV 90.0 MPH)
|
Batting: SHB Steve DeRienzo
|
0-0: Swinging Strike 0-1: Ball 1-1: Foul Ball, location: 2F 1-2: Foul Ball, location: 2F 1-2: Ball 2-2: Strikes out looking
|
Top of the 8th over - 0 runs, 0 hits, 0 errors, 0 left on base; York 1 - Detroit 2 |
BOTTOM OF THE 8TH |
Detroit Red Wings batting - Pitching for York Revolution : LHP Hiroshi Mukae
|
Batting: RHB Yankel Pensak
|
0-0: Foul Ball, location: 2F 0-1: Foul Ball, location: 2F 0-2: Strikes out swinging
|
Batting: SHB Chris Wagler
|
0-0: Ball 1-0: Ball 2-0: Ball 3-0: Base on Balls
|
Batting: LHB Brad Gaskill
|
|
Pinch Hitting: RHB Juan Perez
|
0-0: Called Strike 0-1: Swinging Strike 0-2: Strikes out swinging
|
Batting: LHB George Moran
|
0-0: Called Strike 0-1: Swinging Strike 0-2: 2-RUN HOME RUN (Flyball, 7LD, EV 93.1 MPH), Distance : 351 ft
|
Batting: SHB Willie Medina
|
0-0: Called Strike 0-1: Ball 1-1: Called Strike 1-2: Ball 2-2: Foul Ball, location: 2F 2-2: Strikes out looking
|
Bottom of the 8th over - 2 runs, 1 hit, 0 errors, 0 left on base; York 1 - Detroit 4 |
TOP OF THE 9TH |
York Revolution batting - Pitching for Detroit Red Wings : RHP Edwin Marquez
|
Pitching: RHP Efrain Diaz
|
|
Now at 1B: Eisse Wijnja
|
|
Batting: LHB Jesse Haught
|
0-0: Fly out, F8 (Flyball, 78D, EV 96.9 MPH)
|
Batting: RHB Victor Arias
|
0-0: Swinging Strike 0-1: Swinging Strike 0-2: Strikes out swinging
|
Batting: LHB Joel Moore
|
0-0: Ground out U3 (Groundball, 3, EV 109.4 MPH)
|
Top of the 9th over - 0 runs, 0 hits, 0 errors, 0 left on base; York 1 - Detroit 4 |
|